 Dungeon Crawl Stone Soup version 0.28-a0-1348-g050f3537b9 (webtiles) character file.

Game seed: 13815287913898454504

58 Deminshera the Shooter (level 3, -3/21 HPs)
             Began as a Deep Elf Hunter on Dec 30, 2021.
             Slain by a hobgoblin (4 damage)
             ... on level 3 of the Dungeon.
             The game lasted 00:02:29 (1783 turns).

Deminshera the Shooter (Deep Elf Hunter)            Turns: 1783, Time: 00:02:31

Health: -3/21      AC:  5    Str: 10 (11) XL:     3   Next: 76%
Magic:  5/5        EV: 10    Int: 13 (15) God:
Gold:   115        SH:  0    Dex: 12 (15) Spells: 2/2 levels left

rFire   + . .      SeeInvis .   b - +0 short sword
rCold   . . .      Faith    .   (no shield)
rNeg    . . .      Spirit   .   f - +0 ring mail
rPois   .          Reflect  .   (no helmet)
rElec   .          Harm     .   (no cloak)
rCorr   .          Rampage  .   (no gloves)
Will    .....                   (no boots)
Stlth   +.........              (no amulet)
HPRegen 0.07/turn               h - ring of protection from fire
MPRegen 0.09/turn               (no ring)

@: no status effects
A: no striking features
a: no special abilities


You were on level 3 of the Dungeon.
You visited 1 branch of the dungeon, and saw 3 of its levels.

You collected 115 gold pieces.

Inventory:

Hand Weapons
 a - a +1 shortbow
 b - a +0 short sword (weapon)
Missiles
 d - 31 arrows
Armour
 c - a +0 leather armour
 f - a +0 ring mail (worn)
Jewellery
 h - a ring of protection from fire (left hand)
Scrolls
 i - a scroll of magic mapping
 k - a scroll of identify
 l - a scroll of holy word {unknown}
 m - a scroll of teleportation {unknown}
Potions
 e - a potion of mutation {unknown}
 g - a potion of degeneration
 j - a potion of cancellation {unknown}


   Skills:
 * Level 1.9 Fighting
 + Level 6.9 Bows
 + Level 0.2 Armour
 - Level 2.4 Dodging
 - Level 1.2 Stealth


You had 2 spell levels left.
You didn't know any spells.
Your spell library was empty.

Dungeon Overview and Level Annotations

Branches:
Dungeon (3/15)

Altars:
Makhleb
The Shining One


Message History

b - a +0 short sword (weapon)
You barely miss the giant cockroach. The giant cockroach closely misses you.
The giant cockroach barely misses you.
You closely miss the giant cockroach.
The giant cockroach bites you but does no damage.
You barely miss the giant cockroach. The giant cockroach misses you.
You hit the giant cockroach.
The giant cockroach is moderately wounded.
The giant cockroach misses you.
The kobold hits you with a +0 short sword.
The giant cockroach bites you.
You are too injured to fight recklessly!
You are too injured to fight recklessly!
A giant cockroach comes into view.
You hit the kobold.
You kill the kobold!
The bat barely misses you.
A ball python comes into view.
The ball python moves out of view.
You hit the bat.
You kill the bat!
The giant cockroach barely misses you.
A ball python comes into view.
You closely miss the hobgoblin.
The giant cockroach bites you but does no damage.
The giant cockroach bites you.
The hobgoblin hits you with a +0 dagger.
* * * LOW HITPOINT WARNING * * *
The ball python hisses angrily.
You hit the hobgoblin but do no damage. The giant cockroach misses you. x2
The hobgoblin hits you with a +0 dagger.
* * * LOW HITPOINT WARNING * * *
Unknown command.
It was a potion of degeneration.
There was something very wrong with that liquid.
You feel weakened.
You feel dopey.
You feel clumsy. The giant cockroach barely misses you.
The giant cockroach bites you but does no damage.
The hobgoblin hits you with a +0 dagger.
You die...

******* *,* *****
*,,,,,********##### *,*
*,***,,,,,,,,,....# *,*
***,**********###...###,*
,,,,,,,,,* ***#.......#.#
***,****,* *,,,.......#.# *******
* *,**,,,* *,**,......#.# *,,,,,,
* *,,*,*,###.####B...##.##*,#***,
***,,,,,,......B@gS....$.#*.###*,
**,,,,,,,...S..###w#.##..#*...,,,
**,*,,,≈≈≈.....###.#.##..##.####*
**,*,,≈≈≈≈≈......gb........[....,
*,,,,,≈≈∩≈≈....###............#**
*,,,,,≈≈≈≈≈.w,>* #.....(..#####..
,,,,,,,≈≈≈(,,,,**#.....#..'....._
,,,,,,,,,,,,,,*,.......#?.#####..
,,,,,,,,,,,,,,*####.#.##......###


You could see a worm, 2 giant cockroaches, a hobgoblin and 2 ball pythons.

Vanquished Creatures
  2 adders (D:2)
  A dart slug (D:1)
  4 endoplasms
  A giant cockroach (D:2)
  3 hobgoblins (D:1)
  3 jackals (D:1)
  3 quokkas
  5 ball pythons
  4 bats
  3 frilled lizards
  3 goblins
  2 kobolds (D:3)
  3 rats
37 creatures vanquished.

Notes
Turn   | Place    | Note
-------+----------+-------------------------------------------
     0 | D:1      | Deminshera the Deep Elf Hunter began the quest for the Orb.
     0 | D:1      | Reached XP level 1. HP: 12/12 MP: 3/3
   317 | D:2      | Reached XP level 2. HP: 17/17 MP: 4/4
   358 | D:2      | Found a glowing golden altar of the Shining One.
   470 | D:1      | Reached skill level 6 in Bows
   636 | D:1      | Reached XP level 3. HP: 21/21 MP: 5/5
  1759 | D:3      | Found a burning altar of Makhleb.
  1782 | D:3      | HP: 1/21 [hobgoblin (2)]
  1783 | D:3      | Slain by a hobgoblin

Illustrated notes

Levels and vault maps discovered:
D:1:      dpeg_arrival_water_fire, layout_basic
D:2:      layout_loops_ring, basic_altar
D:3:      layout_loops_ring, mainiacjoe_overflow_surrounded_room, serial_shops,
          shop, portal_sewer_entry_a, uniq_terence

Skill      XL: |  1  2 |
---------------+-------+-----
Bows           | 6 |  6.9
Fighting       | |  1.9
Armour         | |  0.2
Dodging        | |  2.4
Stealth        | |  1.2

Action                   || total
-------------------------++-------
Melee: Short sword       ||     8
 Fire: Shortbow          ||    91
  Use: Scroll            ||     2
       Potion            ||     1
Armor: Ring mail         ||    27
Dodge: Dodged            ||    16

Table legend: (Time is in decaauts)
 A = Elapsed time spent in this place.
 B = Non-inter-level travel time spent in this place.
 C = Inter-level travel time spent in this place.
 D = Time resting spent in this place.
 E = Time spent auto-exploring this place.
 F = Levels seen in this place.
 G = Mean time per level.
                   A        B        C        D        E       F      G
               +--------+--------+--------+--------+--------+-----+--------+
         Total |   1781 |   1701 |     80 |    190 |   1279 |   3 |  593.7 |
       Dungeon |   1781 |   1701 |     80 |    190 |   1279 |   3 |  593.7 |
               +--------+--------+--------+--------+--------+-----+--------+

Top non-repeatable levels by time:
     D:1: 907 daAuts
     D:2: 625 daAuts
     D:3: 248 daAuts
